 Dungeon Crawl Stone Soup version 0.27.1-35-g4d5d836560 (webtiles) character file.

Game seed: 8045758385141294139

253 cbfl8 the Slasher (level 5, -3/70 HPs)
             Began as a Minotaur Monk on May 16, 2022.
             Slain by an ogre (15 damage)
             ... on level 4 of the Dungeon on May 18, 2022.
             The game lasted 00:08:23 (3903 turns).

cbfl8 the Slasher (Minotaur Monk)                   Turns: 3903, Time: 00:08:24

Health: -3/70      AC:  6    Str: 17    XL:     5   Next: 90%
Magic:  4/4        EV: 11    Int:  7    God:
Gold:   159        SH:  0    Dex: 12    Spells: 4/4 levels left

rFire    . . .     SeeInvis .   l - +2 hand axe (freeze)
rCold    . . .     Faith    .   (no shield)
rNeg     . . .     Spirit   .   r - +0 scale mail
rPois    .         Reflect  .   (helmet restricted)
rElec    .         Harm     .   (no cloak)
rCorr    .         Rampage  .   (no gloves)
Will     .....                  (no boots)
Stlth    ..........             (no amulet)
HPRegen  0.21/turn              (no ring)
MPRegen  0.09/turn              (no ring)

@: berserking, very quick
A: horns 2, retaliatory headbutt
a: no special abilities


You were on level 4 of the Dungeon.
You visited 1 branch of the dungeon, and saw 4 of its levels.

You collected 159 gold pieces.

Inventory:

Hand Weapons
 a - a +0 falchion
 l - a +2 hand axe of freezing (weapon)
 q - a +2 spear of pain
Missiles
 e - 26 bolts
Armour
 b - a +0 robe
 i - a +0 ring mail
 r - a +0 scale mail (worn)
Wands
 f - a wand of polymorph (1)
Scrolls
 c - a scroll of brand weapon {unknown}
 g - a scroll of teleportation {unknown}
 h - a scroll of amnesia {unknown}
 j - a scroll of immolation {unknown}
 k - a scroll of enchant weapon {unknown}
 m - a scroll of blinking {unknown}
 p - 2 scrolls of noise {unknown}
Potions
 d - a potion of resistance {unknown}
 o - a potion of heal wounds {unknown}


   Skills:
 + Level 4.6 Fighting
 + Level 5.9 Long Blades
 + Level 0.3(0.5) Axes
 + Level 0.5(0.6) Polearms
 + Level 4.5 Dodging
 + Level 2.4 Stealth
 + Level 0.3 Unarmed Combat


You had 4 spell levels left.
You didn't know any spells.
Your spell library contained the following spells:

 Spells                   Type           Power      Damage    Failure   Level
 Gell's Gravitas          Tloc           0%         N/A       99%         3
 Ignite Poison            Fire/Tmut/Pois 0%         N/A       99%         3
 Mephitic Cloud           Conj/Pois/Air  0%         N/A       99%         3
 Teleport Other           Tloc           0%         N/A       99%         3
 Bolt of Magma            Conj/Fire/Erth 0%         4d4       100%        5
 Dispersal                Tloc           0%         N/A       100%        6


Dungeon Overview and Level Annotations

Branches:
Dungeon (4/15)
 Temple: D:4-7

Altars:


Innate Abilities, Weirdness & Mutations

You have a pair of horns on your head.
You reflexively headbutt those who attack you in melee.


Message History

A kobold comes into view. It is wielding a +0 club.
The kobold shouts!
A dart slug comes into view.
The kobold throws a stone.
The stone hits you but does no damage. The dart slug launches a dart at you.
The slug dart hits you.
You hit the kobold. You freeze the kobold.
The kobold is severely wounded.
The kobold hits you but does no damage.
You hit the kobold. You freeze the kobold.
You kill the kobold!
You hit the dart slug but do no damage. The dart slug launches a dart at you.
The slug dart hits you but does no damage.
You hit the dart slug. You freeze the dart slug.
The dart slug is almost dead.
The dart slug launches a dart at you. The slug dart hits you.
You slash the dart slug! You freeze the dart slug.
You kill the dart slug!
Items here: ( ) ††.
Found 7 gold pieces.
You now have 157 gold pieces (gained 7).
Found 2 gold pieces.
Found a scroll labelled RISTRA DEKHLIGH.
You see here 2 gold pieces.
You now have 159 gold pieces (gained 2).
You hit the ogre. You freeze the ogre.
The ogre is lightly wounded.
The ogre hits you with a +0 giant club!!
Ouch! That really hurt!
You hit the ogre. You freeze the ogre.
The ogre is lightly wounded.
The ogre hits you with a +0 giant club!
* * * LOW HITPOINT WARNING * * *
It was a potion of berserk rage.
A red film seems to cover your vision as you go berserk!
You feel yourself moving faster!
You feel mighty! The ogre hits you with a +0 giant club!
You die...

#.# #.# #.# #.# .#
#.# #######.# #.#
........ #.# .....#
#.# #...# #.#
####...##### #.#
#....@O....# #.#
#.##.#.#?#.# #.#
#.#.#.#.# #.#
#.#.#.#.# #.#######
....#.#.###........
.................##
##.....#.########.#
........# ##.#
........# #..##


You could see an ogre.

Vanquished Creatures
  A jelly (D:4)
  Natasha (thrice) (D:3)
  4 adders
  An ufetubus (D:4)
  2 adder skeletons (D:4)
  A worm (D:2)
  6 dart slugs
  3 orcs (D:4)
  4 bats
  7 endoplasms
  3 giant cockroaches
  8 hobgoblins
  6 jackals (D:2)
  3 quokkas
  11 ball pythons
  2 frilled lizards (D:1)
  7 goblins
  5 kobolds
  7 rats
84 creatures vanquished.

Vanquished Creatures (others)
  2 plants (D:1)
2 creatures vanquished.

Grand Total: 86 creatures vanquished

Notes
Turn   | Place    | Note
-------+----------+-------------------------------------------
     0 | D:1      | cbfl8 the Minotaur Monk began the quest for the Orb.
     0 | D:1      | Reached XP level 1. HP: 19/19 MP: 0/0
   132 | D:1      | Reached XP level 2. HP: 27/27 MP: 1/1
   324 | D:1      | Reached skill level 4 in Long Blades
   337 | D:1      | Found a faded altar of an unknown god.
   957 | D:2      | Reached XP level 3. HP: 32/33 MP: 2/2
  1464 | D:2      | Reached XP level 4. HP: 35/40 MP: 3/3
  2289 | D:3      | Noticed Natasha
  2296 | D:3      | Killed Natasha
  2297 | D:3      | Reached skill level 5 in Long Blades
  2418 | D:3      | Noticed Natasha
  2427 | D:3      | Killed Natasha
  2428 | D:3      | Reached XP level 5. HP: 45/47 MP: 4/4
  3029 | D:3      | Noticed Natasha
  3046 | D:3      | HP: 2/47 [iron imp[Natasha] (9)]
  3047 | D:3      | Killed Natasha
  3555 | D:4      | Noticed an ogre
  3903 | D:4      | Slain by an ogre

Illustrated notes

Levels and vault maps discovered:
D:1:      dpeg_arrival_arbitrary_c, layout_loops_ring,
          dilly_ecumenical_altar_fadedgnrine, grunt_decor_cap,
          supply_closet_lemuel
D:2:      layout_loops_ring
D:3:      layout_basic, uniq_natasha
D:4:      layout_loops_ring

Skill      XL: |  1  2  3  4 |
---------------+-------------+-----
Fighting       | 4 |  4.6
Long Blades    | 4 5 |  5.9
Stealth        | 2 |  2.4
Dodging        | 4 |  4.5
Axes           | |  0.3
Polearms       | |  0.5
Unarmed Combat | |  0.3

Action                   |  1- 3 |  4- 6 || total
-------------------------+-------+-------++-------
Melee: Falchion          |    83 |    25 ||   108
       Headbutt          |    13 |    12 ||    25
       Unarmed           |       |    13 ||    13
       Spear             |       |    26 ||    26
       Hand axe          |       |    24 ||    24
  Use: Potion            |       |     4 ||     4
 Stab: Sleeping          |     3 |       ||     3
Armor: Robe              |    15 |    10 ||    25
       Skin              |       |     1 ||     1
       Scale mail        |       |    14 ||    14
Dodge: Dodged            |    72 |    66 ||   138
       Rpst.: Falchion   |    24 |     5 ||    29
